 Dungeon Crawl Stone Soup version 0.31-a0-152-g6aa68a64a1 (webtiles) character file.

Game seed: 11843035960243200162

4916 qw the Skirmisher (level 10, -2/96 HPs)
             Began as a Naga Hunter on June 10, 2023.
             Was a Believer of Okawaru.
             Slain by a blink frog (10 damage)
             ... on level 1 of the Lair of Beasts.
             The game lasted 00:02:48 (7896 turns).

qw the Skirmisher (Naga Hunter)                     Turns: 7896, Time: 00:02:49

Health: -2/96      AC: 14    Str: 17    XL:     10   Next: 51%
Magic:  13/13      EV: 16    Int:  9    God:    Okawaru [**....]
Gold:   375        SH:  0    Dex: 29    Spells: 9/9 levels left

rFire   . . .        Y - +1 shortbow
rCold   . . .        (shield currently unavailable)
rNeg    . . .        a - +5 ring mail "Lackegui" {Rampage Drain Str+3 Dex+4}
rPois   +            (no helmet)
rElec   .            h - +1 cloak
rCorr   +            (no gloves)
SInv    +            (no barding)
Will    +....        (no amulet)
Stlth   ++++         b - +6 ring of dexterity
HPRegen 0.36/turn    d - ring of resist corrosion
MPRegen 0.13/turn

%: rampage
@: short of breath, heroic, very slow
A: AC +3, large, see invisible, deformed body, poison resistance, slowness 2,
spit poison 1, naga tail 1
a: Spit Poison, Renounce Religion, Heroism


You were on level 1 of the Lair of Beasts.
You worshipped Okawaru.
Okawaru was pleased with you.
You visited 3 branches of the dungeon, and saw 10 of its levels.

You collected 375 gold pieces.


Innate Abilities, Weirdness & Mutations

Your serpentine skin is tough. (AC +3)
You have supernaturally acute eyesight. (SInv)
Armour fits poorly on your strangely shaped body.
Your system is resistant to poisons. (rPois)
You cover ground very slowly.
You can spit poison.
You have a snake-like lower body.


   Skills:
 - Level 7.8(12.8) Fighting
 - Level 11.1(16.1) Ranged Weapons
 - Level 2.2(7.2) Armour
 + Level 4.0(9.0) Dodging
 - Level 1.5(6.5) Stealth
 - Level 4.1 Invocations


You had 9 spell levels left.
You didn't know any spells.
Your spell library was empty.

Inventory:

Hand Weapons
 Y - a +1 shortbow (weapon)
Armour
 a - the +5 ring mail "Lackegui" (worn) {Rampage Drain Str+3 Dex+4}
   (You found it on level 8 of the Dungeon)

   Str:       It affects your strength (+3).
   Dex:       It affects your dexterity (+4).
   Drain:     It drains your maximum health when unequipped.
   Rampage:   It bestows one free step when moving towards enemies.
 h - a +1 cloak (worn)
Jewellery
 b - a +6 ring of dexterity (left hand)
 d - a ring of resist corrosion (right hand)
Scrolls
 j - a scroll of identify
Potions
 e - a potion of mutation
 g - 2 potions of haste
 m - 4 potions of curing
 n - a potion of degeneration {unknown}
 o - a potion of magic {unknown}

Dungeon Overview and Level Annotations

Branches:
Dungeon (8/15)             Temple (1/1) D:4            Lair (1/5) D:8

Altars:
Ashenzari
Cheibriados
Dithmenos
Elyvilon
Fedhas
Gozag
Kikubaaqudgha
Makhleb
Nemelex Xobeh
Okawaru
Qazlal
Ru
Sif Muna
Trog
Uskayaw
Vehumet
Wu Jian
Xom
Yredelemnul
The Shining One


Message History

The blink frog hits you!
The blink frog blinks!
Harold hits you with a +0 flail.
You shoot an arrow. The arrow hits Harold!
Harold is moderately wounded.
You shoot an arrow. The arrow barely misses Harold.
Harold hits you with a +0 flail!
You shoot an arrow. The arrow hits Harold.
Harold is moderately wounded.
You have got your breath back.
Harold hits you with a +0 flail!
7891 ||| INVOKING Spit Poison.
Aiming: Spit Poison (1% risk of failure)
Press: ? - help, Shift-Dir - straight line, f/p - Harold The splash of poison hits Harold!
Harold is poisoned.
Harold is heavily wounded.
The blink frog looks more healthy.
The blink frog hits you but does no damage.
Harold hits you with a +0 flail!!
You shoot an arrow. The arrow barely misses Harold.
The blink frog hits you but does no damage.
The blink frog blinks!
Harold hits you but does no damage.
You shoot an arrow. The arrow hits Harold!
Harold is severely wounded.
The blink frog blinks!
You shoot an arrow. The arrow hits Harold!
Harold is almost dead.
Harold hits you but does no damage.
You shoot an arrow. The arrow hits Harold!
You kill Harold!
Okawaru is honoured by your kill.
You have got your breath back.
Your base Ranged Weapons skill increases to level 11!
7896 ||| INVOKING Spit Poison.
Aiming: Spit Poison (1% risk of failure)
Press: ? - help, Shift-Dir - straight line, f - blink frog The splash of poison hits the blink frog.
The blink frog is poisoned.
The blink frog is heavily wounded.
The blink frog hits you but does no damage.
The blink frog hits you!
You die...

#...........##
#...........>#
##..........##
##..........#
#...........## .
##..../......# ...
#F..........##
.....##............#
#.F@..........##
#..%P########..#
.....#### #<.# ....P
#..P# ...P #.### $..
..# .## ..# ...#
....


You could see 2 blink frogs.

Vanquished Creatures
  Harold (Lair:1)
  A two-headed ogre (D:8)
  Maggie (D:8)
  Grinder (D:3)
  Sigmund (D:2)
  2 blink frogs (Lair:1)
  3 yaks (Lair:1)
  Eustachio (D:5)
  3 ice beasts
  2 orc warriors
  A sky beast (D:6)
  3 ogres
  A phantom (D:6)
  2 bullfrogs
  3 scorpions
  3 killer bees (D:8)
  A howler monkey (D:7)
  2 gnoll boudas
  2 jellies
  2 hounds
  2 orc priests (D:5)
  An iron imp (D:3)
  Jessica (D:2)
  2 iguanas
  5 orc wizards
  A sleepcap (D:6)
  Terence (D:2)
  9 gnolls
  10 adders
  A shadow imp (D:6)
  A white imp (D:8)
  2 ufetubi
  3 worms
  A dart slug (D:3)
  30 orcs
  2 endoplasms (D:4)
  2 giant cockroaches
  9 goblins
  5 hobgoblins
  5 jackals
  2 quokkas
  6 ball pythons
  8 bats
  4 frilled lizards
  7 kobolds
  6 rats
162 creatures vanquished.

Notes
Turn   | Place    | Note
-------+----------+-------------------------------------------
     0 | D:1      | qw the Naga Hunter began the quest for the Orb.
     0 | D:1      | Reached XP level 1. HP: 19/19 MP: 1/1
     0 | D:1      | 0 ||| qw: Version: 0.2-a-123-gb51047a
     0 | D:1      | 0 ||| qw: Game counter: 3746
     0 | D:1      | 0 ||| qw: Always use a shield: true
     0 | D:1      | 0 ||| qw: God list: Okawaru
     0 | D:1      | 0 ||| qw: Allow faded altars: false
     0 | D:1      | 0 ||| qw: Do Orc after D:15 true
     0 | D:1      | 0 ||| qw: Do second Lair branch before Depths: true
     0 | D:1      | 0 ||| qw: Lair rune preference: random
     0 | D:1      | 0 ||| qw: Plans: Normal
     0 | D:1      | 0 ||| PLANNING D:1-11
    34 | D:1      | 34 ||| INVOKING Spit Poison.
    67 | D:1      | 67 ||| INVOKING Spit Poison.
    99 | D:1      | 99 ||| INVOKING Spit Poison.
   235 | D:1      | 235 ||| INVOKING Spit Poison.
   303 | D:1      | 303 ||| INVOKING Spit Poison.
   390 | D:1      | Reached skill level 4 in Ranged Weapons
   390 | D:1      | Reached XP level 2. HP: 26/26 MP: 2/2
   881 | D:1      | 881 ||| READING scroll labelled BERCHYM BISEL.
   882 | D:1      | 882 ||| READING scroll labelled AZXAHUNIXA.
   883 | D:1      | 883 ||| READING scroll labelled AKKESE FENEL.
   884 | D:1      | 884 ||| DRINKING 2 grey potions.
   885 | D:1      | 885 ||| DROPPING scroll of butterflies.
   910 | D:2      | 910 ||| INVOKING Spit Poison.
   914 | D:2      | 914 ||| INVOKING Spit Poison.
   918 | D:2      | 918 ||| INVOKING Spit Poison.
   935 | D:2      | 935 ||| INVOKING Spit Poison.
   938 | D:2      | 938 ||| INVOKING Spit Poison.
   955 | D:2      | 955 ||| INVOKING Spit Poison.
   958 | D:2      | Noticed Sigmund
   960 | D:2      | 960 ||| INVOKING Spit Poison.
   970 | D:2      | HP: 2/26 [Sigmund/+0 scythe (7)]
   971 | D:2      | 971 ||| DRINKING potion of heal wounds.
   974 | D:2      | 974 ||| INVOKING Spit Poison.
   975 | D:2      | 975 ||| FLEEEEING.
   976 | D:2      | 976 ||| FLEEEEING.
   977 | D:2      | 977 ||| FLEEEEING.
   978 | D:2      | 978 ||| FLEEEEING.
   979 | D:2      | 979 ||| FLEEEEING.
   980 | D:2      | 980 ||| FLEEEEING.
   981 | D:2      | 981 ||| FLEEEEING.
   982 | D:2      | 982 ||| INVOKING Spit Poison.
   985 | D:2      | 985 ||| INVOKING Spit Poison.
   985 | D:2      | Killed Sigmund
   986 | D:2      | Reached skill level 6 in Ranged Weapons
   986 | D:2      | Reached XP level 3. HP: 11/32 MP: 3/3
   986 | D:2      | Reached XP level 4. HP: 13/39 MP: 4/4
   986 | D:2      | Reached XP level 5. HP: 15/45 MP: 5/5
   988 | D:2      | 988 ||| STAIRDANCE
  1173 | D:2      | 1173 ||| INVOKING Spit Poison.
  1197 | D:2      | 1197 ||| INVOKING Spit Poison.
  1209 | D:2      | Noticed Terence
  1210 | D:2      | 1210 ||| INVOKING Spit Poison.
  1216 | D:2      | 1216 ||| INVOKING Spit Poison.
  1216 | D:2      | Killed Terence
  1243 | D:2      | 1243 ||| INVOKING Spit Poison.
  1283 | D:2      | 1283 ||| INVOKING Spit Poison.
  1285 | D:2      | Reached XP level 6. HP: 55/55 MP: 6/6
  1292 | D:2      | 1292 ||| INVOKING Spit Poison.
  1298 | D:2      | 1298 ||| INVOKING Spit Poison.
  1302 | D:2      | 1302 ||| INVOKING Spit Poison.
  1308 | D:2      | 1308 ||| INVOKING Spit Poison.
  1310 | D:2      | Reached skill level 3 in Fighting
  1312 | D:2      | 1312 ||| INVOKING Spit Poison.
  1431 | D:2      | 1431 ||| INVOKING Spit Poison.
  1524 | D:2      | 1524 ||| INVOKING Spit Poison.
  1542 | D:2      | Noticed Jessica
  1543 | D:2      | 1543 ||| INVOKING Spit Poison.
  1545 | D:2      | Killed Jessica
  1649 | D:2      | 1649 ||| INVOKING Spit Poison.
  1697 | D:2      | 1697 ||| INVOKING Spit Poison.
  1722 | D:2      | 1722 ||| INVOKING Spit Poison.
  1787 | D:2      | Found a stormy altar of Qazlal.
  1791 | D:2      | 1791 ||| INVOKING Spit Poison.
  1892 | D:2      | 1892 ||| INVOKING Spit Poison.
  1913 | D:2      | 1913 ||| UPGRADING to +6 ring of dexterity.
  1914 | D:2      | 1914 ||| READING 3 scrolls labelled KONUH MINAO.
  2005 | D:2      | 2005 ||| DROPPING 2 scrolls of torment.
  2042 | D:3      | Noticed Grinder
  2047 | D:3      | Paralysed by Grinder for 2 turns
  2051 | D:3      | Paralysed by Grinder for 3 turns
  2062 | D:3      | Killed Grinder
  2063 | D:3      | Reached skill level 3 in Dodging
  2063 | D:3      | Reached XP level 7. HP: 39/62 MP: 7/7
  2153 | D:3      | 2153 ||| INVOKING Spit Poison.
  2223 | D:3      | 2223 ||| INVOKING Spit Poison.
  2262 | D:3      | Found a snail-covered altar of Cheibriados.
  2281 | D:3      | 2281 ||| INVOKING Spit Poison.
  2291 | D:3      | Found a faded altar of an unknown god.
  2292 | D:3      | 2292 ||| INVOKING Spit Poison.
  2298 | D:3      | 2298 ||| INVOKING Spit Poison.
  2306 | D:3      | 2306 ||| INVOKING Spit Poison.
  2312 | D:3      | 2312 ||| INVOKING Spit Poison.
  2329 | D:3      | 2329 ||| INVOKING Spit Poison.
  2439 | D:3      | 2439 ||| INVOKING Spit Poison.
  2502 | D:3      | 2502 ||| INVOKING Spit Poison.
  2528 | D:3      | 2528 ||| INVOKING Spit Poison.
  2534 | D:3      | 2534 ||| INVOKING Spit Poison.
  2541 | D:3      | 2541 ||| INVOKING Spit Poison.
  2564 | D:3      | 2564 ||| INVOKING Spit Poison.
  2616 | D:3      | 2616 ||| INVOKING Spit Poison.
  2687 | D:3      | 2687 ||| INVOKING Spit Poison.
  2855 | D:3      | 2855 ||| UPGRADING to +0 cloak.
  2860 | D:3      | 2860 ||| DRINKING 2 pink potions.
  2903 | D:4      | 2903 ||| INVOKING Spit Poison.
  2925 | D:4      | 2925 ||| INVOKING Spit Poison.
  2940 | D:4      | 2940 ||| INVOKING Spit Poison.
  2999 | D:4      | 2999 ||| INVOKING Spit Poison.
  3004 | D:4      | 3004 ||| INVOKING Spit Poison.
  3043 | D:4      | 3043 ||| INVOKING Spit Poison.
  3046 | D:4      | 3046 ||| INVOKING Spit Poison.
  3092 | D:4      | 3092 ||| INVOKING Spit Poison.
  3121 | D:4      | 3121 ||| INVOKING Spit Poison.
  3125 | D:4      | 3125 ||| INVOKING Spit Poison.
  3322 | D:4      | 3322 ||| INVOKING Spit Poison.
  3381 | D:4      | 3381 ||| INVOKING Spit Poison.
  3391 | D:4      | 3391 ||| INVOKING Spit Poison.
  3420 | D:4      | 3420 ||| INVOKING Spit Poison.
  3493 | D:4      | 3493 ||| INVOKING Spit Poison.
  3572 | D:4      | Reached skill level 7 in Ranged Weapons
  3765 | D:4      | Found a staircase to the Ecumenical Temple.
  3766 | D:4      | 3766 ||| PLANNING TEMPLE
  3766 | D:4      | 3766 ||| READING scroll labelled ETUAPLE WAXTOUC.
  3767 | D:4      | 3767 ||| READING scroll labelled WEGYUR JINI.
  3768 | D:4      | 3768 ||| DRINKING 2 murky pink potions.
  3769 | D:4      | 3769 ||| READING 2 scrolls of identify.
  3769 | D:4      | 3769 ||| IDENTIFYING fuming pink potion
  3770 | D:4      | 3770 ||| DROPPING potion of lignification.
  3771 | D:4      | 3771 ||| DROPPING potion of brilliance.
  3778 | Temple   | Entered the Ecumenical Temple
  3779 | Temple   | 3779 ||| PLANNING OKAWARU WORSHIP
  3785 | Temple   | Became a worshipper of Warmaster Okawaru
  3785 | Temple   | 3785 ||| PLANNING D:1-11
  3863 | D:5      | Entered Level 5 of the Dungeon
  3891 | D:5      | 3891 ||| INVOKING Spit Poison.
  3895 | D:5      | 3895 ||| INVOKING Spit Poison.
  3916 | D:5      | 3916 ||| INVOKING Spit Poison.
  3922 | D:5      | 3922 ||| INVOKING Spit Poison.
  3994 | D:5      | Reached XP level 8. HP: 72/72 MP: 8/8
  4036 | D:5      | 4036 ||| INVOKING Spit Poison.
  4039 | D:5      | Noticed Eustachio
  4040 | D:5      | 4040 ||| INVOKING Spit Poison.
  4043 | D:5      | 4043 ||| INVOKING Spit Poison.
  4048 | D:5      | 4048 ||| INVOKING Spit Poison.
  4053 | D:5      | 4053 ||| INVOKING Spit Poison.
  4053 | D:5      | Killed Eustachio
  4053 | D:5      | Reached * piety under Okawaru
  4054 | D:5      | Reached skill level 8 in Ranged Weapons
  4097 | D:5      | 4097 ||| INVOKING Heroism.
  4100 | D:5      | 4100 ||| INVOKING Spit Poison.
  4165 | D:5      | 4165 ||| INVOKING Spit Poison.
  4166 | D:5      | Reached skill level 1 in Invocations
  4170 | D:5      | 4170 ||| INVOKING Spit Poison.
  4171 | D:5      | 4171 ||| INVOKING Heroism.
  4179 | D:5      | 4179 ||| INVOKING Spit Poison.
  4185 | D:5      | 4185 ||| INVOKING Spit Poison.
  4247 | D:5      | 4247 ||| INVOKING Spit Poison.
  4253 | D:5      | 4253 ||| INVOKING Spit Poison.
  4410 | D:5      | 4410 ||| INVOKING Heroism.
  4411 | D:5      | 4411 ||| INVOKING Spit Poison.
  4511 | D:5      | 4511 ||| INVOKING Spit Poison.
  4516 | D:5      | 4516 ||| INVOKING Spit Poison.
  4603 | D:5      | Found a glowing golden altar of the Shining One.
  4663 | D:5      | 4663 ||| UPGRADING to +2 robe of positive energy.
  4673 | D:5      | 4673 ||| DROPPING +0 leather armour.
  4674 | D:5      | 4674 ||| READING scroll labelled CUUC GO DOGESA.
  4675 | D:5      | 4675 ||| READING 2 scrolls labelled DAASCH ITUYT WEVAT.
  4676 | D:5      | 4676 ||| READING scroll of enchant armour.
  4676 | D:5      | 4676 ||| ENCHANTING +0 cloak.
  4677 | D:5      | 4677 ||| READING 2 scrolls labelled CYTTEUFEAT.
  4682 | D:5      | 4682 ||| DRINKING 2 lumpy golden potions.
  4683 | D:5      | 4683 ||| READING 2 scrolls of identify.
  4683 | D:5      | 4683 ||| IDENTIFYING bubbling pink potion
  4684 | D:5      | 4684 ||| DROPPING potion of ambrosia.
  4738 | D:6      | 4738 ||| INVOKING Spit Poison.
  4899 | D:6      | 4899 ||| INVOKING Spit Poison.
  4905 | D:6      | 4905 ||| INVOKING Spit Poison.
  4980 | D:6      | 4980 ||| INVOKING Spit Poison.
  4983 | D:6      | Reached skill level 9 in Ranged Weapons
  4983 | D:6      | Reached XP level 9. HP: 81/81 MP: 9/11
  5070 | D:6      | 5070 ||| INVOKING Heroism.
  5071 | D:6      | 5071 ||| INVOKING Spit Poison.
  5077 | D:6      | Reached skill level 3 in Invocations
  5081 | D:6      | 5081 ||| INVOKING Spit Poison.
  5085 | D:6      | 5085 ||| INVOKING Spit Poison.
  5157 | D:6      | 5157 ||| INVOKING Heroism.
  5196 | D:6      | 5196 ||| INVOKING Heroism.
  5200 | D:6      | 5200 ||| INVOKING Spit Poison.
  5202 | D:6      | 5202 ||| Stepping ~*~*~tactically~*~*~ (outnumbered).
  5203 | D:6      | 5203 ||| Stepping ~*~*~tactically~*~*~ (outnumbered).
  5204 | D:6      | 5204 ||| Stepping ~*~*~tactically~*~*~ (outnumbered).
  5205 | D:6      | 5205 ||| INVOKING Spit Poison.
  5209 | D:6      | 5209 ||| INVOKING Spit Poison.
  5215 | D:6      | 5215 ||| INVOKING Spit Poison.
  5224 | D:6      | 5224 ||| INVOKING Spit Poison.
  5236 | D:6      | Reached skill level 6 in Fighting
  5492 | D:6      | 5492 ||| INVOKING Spit Poison.
  5762 | D:6      | 5762 ||| READING 2 scrolls of identify.
  5762 | D:6      | 5762 ||| IDENTIFYING metallic black potion
  5812 | D:7      | 5812 ||| INVOKING Spit Poison.
  5819 | D:7      | 5819 ||| INVOKING Spit Poison.
  5862 | D:7      | 5862 ||| INVOKING Spit Poison.
  5866 | D:7      | 5866 ||| INVOKING Spit Poison.
  6032 | D:7      | 6032 ||| INVOKING Spit Poison.
  6126 | D:7      | 6126 ||| INVOKING Spit Poison.
  6128 | D:7      | 6128 ||| INVOKING Heroism.
  6129 | D:7      | 6129 ||| Stepping ~*~*~tactically~*~*~ (outnumbered).
  6132 | D:7      | 6132 ||| INVOKING Spit Poison.
  6138 | D:7      | 6138 ||| INVOKING Spit Poison.
  6145 | D:7      | 6145 ||| INVOKING Spit Poison.
  6182 | D:7      | 6182 ||| INVOKING Spit Poison.
  6355 | D:7      | 6355 ||| INVOKING Spit Poison.
  6472 | D:7      | 6472 ||| DROPPING +1 leather armour of poison resistance.
  6473 | D:7      | 6473 ||| UPGRADING to ring of resist corrosion.
  6474 | D:7      | 6474 ||| READING 3 scrolls of identify.
  6474 | D:7      | 6474 ||| IDENTIFYING fizzy blue potion
  6475 | D:7      | 6475 ||| READING 2 scrolls of identify.
  6475 | D:7      | 6475 ||| IDENTIFYING viscous yellow potion
  6476 | D:7      | 6476 ||| DROPPING potion of berserk rage.
  6477 | D:7      | 6477 ||| DROPPING potion of enlightenment.
  6516 | D:8      | 6516 ||| INVOKING Spit Poison.
  6589 | D:8      | 6589 ||| INVOKING Spit Poison.
  6595 | D:8      | 6595 ||| INVOKING Spit Poison.
  6599 | D:8      | 6599 ||| INVOKING Spit Poison.
  6689 | D:8      | Identified the +7 spear of the World {freeze, *Rage Str+3
                  | Int+4 SInv}
  6707 | D:8      | 6707 ||| INVOKING Spit Poison.
  6709 | D:8      | 6709 ||| INVOKING Heroism.
  6712 | D:8      | 6712 ||| INVOKING Spit Poison.
  6719 | D:8      | 6719 ||| INVOKING Spit Poison.
  6720 | D:8      | 6720 ||| INVOKING Spit Poison.
  6790 | D:8      | Found a staircase to the Lair.
  6896 | D:8      | Noticed Maggie
  6900 | D:8      | 6900 ||| INVOKING Spit Poison.
  6906 | D:8      | 6906 ||| INVOKING Spit Poison.
  6910 | D:8      | Killed Maggie
  6911 | D:8      | Reached skill level 10 in Ranged Weapons
  7047 | D:8      | Found a shadowy altar of Dithmenos.
  7050 | D:8      | Identified the +5 ring mail "Lackegui" {Rampage Drain Str+3
                  | Dex+4}
  7075 | D:8      | Found a sacrificial altar of Ru.
  7076 | D:8      | Found an ancient bone altar of Kikubaaqudgha.
  7201 | D:8      | Noticed a two-headed ogre
  7202 | D:8      | 7202 ||| INVOKING Heroism.
  7203 | D:8      | 7203 ||| INVOKING Spit Poison.
  7204 | D:8      | HP: 16/82 [two-headed ogre/+0 giant club (7)]
  7205 | D:8      | 7205 ||| READING scroll of teleportation.
  7206 | D:8      | 7206 ||| DRINKING potion of heal wounds.
  7208 | D:8      | 7208 ||| INVOKING Spit Poison.
  7274 | D:8      | 7274 ||| INVOKING Heroism.
  7277 | D:8      | 7277 ||| INVOKING Spit Poison.
  7282 | D:8      | 7282 ||| INVOKING Spit Poison.
  7286 | D:8      | 7286 ||| INVOKING Spit Poison.
  7289 | D:8      | HP: 19/82 [two-headed ogre/+0 giant club (8)]
  7291 | D:8      | Killed a two-headed ogre
  7292 | D:8      | Reached XP level 10. HP: 23/96 MP: 13/13
  7513 | D:8      | 7513 ||| PLANNING LAIR
  7513 | D:8      | 7513 ||| UPGRADING to +5 ring mail "Lackegui" {Rampage
                  | Drain Str+3 Dex+4}.
  7523 | D:8      | 7523 ||| DROPPING +2 robe of positive energy.
  7609 | Lair:1   | Entered Level 1 of the Lair of Beasts
  7635 | Lair:1   | 7635 ||| INVOKING Spit Poison.
  7639 | Lair:1   | 7639 ||| INVOKING Spit Poison.
  7640 | Lair:1   | Reached skill level 1 in Armour
  7644 | Lair:1   | 7644 ||| INVOKING Spit Poison.
  7649 | Lair:1   | 7649 ||| INVOKING Heroism.
  7652 | Lair:1   | 7652 ||| INVOKING Spit Poison.
  7656 | Lair:1   | 7656 ||| INVOKING Spit Poison.
  7866 | Lair:1   | 7866 ||| INVOKING Heroism.
  7869 | Lair:1   | 7869 ||| INVOKING Spit Poison.
  7874 | Lair:1   | Noticed Harold
  7877 | Lair:1   | 7877 ||| INVOKING Spit Poison.
  7882 | Lair:1   | 7882 ||| INVOKING Spit Poison.
  7890 | Lair:1   | HP: 24/96 [Harold/+0 flail (15)]
  7891 | Lair:1   | 7891 ||| INVOKING Spit Poison.
  7891 | Lair:1   | HP: 6/96 [Harold/+0 flail (18)]
  7895 | Lair:1   | Killed Harold
  7895 | Lair:1   | Reached ** piety under Okawaru
  7896 | Lair:1   | Reached skill level 11 in Ranged Weapons
  7896 | Lair:1   | 7896 ||| INVOKING Spit Poison.
  7896 | Lair:1   | Slain by a blink frog

Levels and vault maps discovered:
D:1:      mrwooster_arrival_arrow, layout_basic
D:2:      layout_basic, basic_altar, uniq_terence, uniq_sigmund, uniq_jessica
D:3:      layout_basic, slow_altar_1, nicolae_ecumenical_lake_church,
          uniq_grinder
D:4:      layout_basic, minmay_temple_entry_nine_rooms,
          kennysheep_generic_room_7
D:5:      layout_rooms, mainiacjoe_overflow_alcove_4, roderic_lattice_a,
          uniq_eustachio
D:6:      layout_gridville
D:7:      hellmonk_ruined_rings, layout_gridville, serial_bayou_crossing
D:8:      layout_basic, nicolae_dithmenos_the_darkroom,
          mainiacjoe_overflow_divided_tiny, lair_entry_dummy, uniq_maggie
Temple:   nicolae_temple_no_exploring_needed
Lair:1:   gammafunk_worm_tunnel, layout_cave_pods, uniq_harold

Skill      XL: |  1  2  3  4  5  6  7  8  9 10 |
---------------+-------------------------------+-----
Ranged Weapons | 4 6 7 9 10 11 | 11.1
Fighting       | 3 4 5 7 |  7.8
Dodging        | 3 4 |  4.0
Invocations    | 2 4 |  4.1
Armour         | 2 |  2.2
Stealth        | |  1.5

Action                     |  1- 3 |  4- 6 |  7- 9 | 10-12 || total
---------------------------+-------+-------+-------+-------++-------
   Fire: Shortbow          |    30 |    62 |   344 |    50 ||   486
 Invoke: Heroism           |       |       |    10 |     2 ||    12
Ability: Spit Poison       |    15 |    19 |    88 |    10 ||   132
    Use: Scroll            |     3 |     1 |    12 |       ||    16
         Potion            |     2 |       |     4 |       ||     6
 Armour: Leather armour    |     5 |     3 |     7 |       ||    15
         Robe              |       |       |    26 |       ||    26
         Ring mail         |       |       |       |    12 ||    12
  Dodge: Dodged            |    11 |     4 |    98 |    17 ||   130

Table legend:
 A = Non-vault XP
 B = Vault XP
 C = Vault XP percentage of total XP
 D = Non-vault monster count
 E = Vault monster count
 F = Vault count percentage of total count
                 A         B        C        D         E       F
            +---------+---------+-------+---------+---------+-------
      Total |    4909 |    2115 |  30.1 |     152 |      10 |   6.2
            +---------+---------+-------+---------+---------+-------
        D:1 |      10 |       0 |   0.0 |       8 |       0 |   0.0
        D:2 |      97 |     316 |  76.5 |      29 |       3 |   9.4
        D:3 |      60 |     307 |  83.7 |      21 |       2 |   8.7
        D:4 |     229 |      15 |   6.1 |      23 |       2 |   8.0
        D:5 |     694 |     202 |  22.5 |      20 |       1 |   4.8
        D:6 |     916 |       0 |   0.0 |      18 |       0 |   0.0
        D:7 |     521 |       0 |   0.0 |      17 |       0 |   0.0
        D:8 |    1293 |     418 |  24.4 |      11 |       1 |   8.3
     Lair:1 |    1089 |     857 |  44.0 |       5 |       1 |  16.7
            +---------+---------+-------+---------+---------+-------
